 Dungeon Crawl Stone Soup version 0.21-a0-95-g06f091e (webtiles) character file.

47 Ordine the Magician (level 3, 0/19 HPs)
             Began as a Deep Elf Wizard on July 5, 2017.
             Slain by an adder (3 damage)
             ... on level 2 of the Dungeon.
             The game lasted 00:02:23 (1079 turns).

Ordine the Magician (Deep Elf Wizard)               Turns: 1079, Time: 00:02:23

Health: 0/19       AC:  2    Str:  4    XL:     3   Next: 48%
Magic:  0/11       EV: 13    Int: 23    God:
Gold:   46         SH:  0    Dex: 13    Spells: 2/11 levels left

rFire    . . .     SeeInvis .   e - +0 dagger (venom)
rCold    . . .     Gourm    .   (no shield)
rNeg     . . .     Faith    .   a - +0 robe
rPois    .         Spirit   .   b - +0 hat
rElec    .         Reflect  .   (no cloak)
rCorr    .         Harm     .   (no gloves)
MR       .....                  (no boots)
Stlth    ++........             (no amulet)
HPRegen  0.06/turn              h - ring of wizardry
MPRegen  0.12/turn              (no ring)

@: lethally poisoned (0 -> -4)
A: no striking features
a: no special abilities


You were on level 2 of the Dungeon.
You were not hungry.

You visited 1 branch of the dungeon, and saw 2 of its levels.

You collected 46 gold pieces.

Inventory:

Hand Weapons
 e - a +0 dagger of venom (weapon)
Armour
 a - a +0 robe (worn)
 b - a +0 hat (worn)
Jewellery
 h - a ring of wizardry (left hand)
Potions
 g - a potion of brilliance
 i - a potion of lignification {unknown}
Books
 c - a book of Minor Magic

   Spells                             Type                      Level
   a - Magic Dart                     Conjuration                  1
   b - Blink                          Translocation                2
   c - Call Imp                       Summoning                    2
   d - Slow                           Hexes                        2
   e - Conjure Flame                  Conjuration/Fire             3
   f - Mephitic Cloud                 Conjuration/Poison/Air       3
Comestibles
 d - a bread ration
 f - a chunk of flesh


   Skills:
 - Level 2.4 Dodging
 + Level 2.8 Stealth
 + Level 4.7 Spellcasting
 * Level 2.3 Conjurations
   Level 1.1 Summonings
 + Level 1.8 Translocations
 + Level 0.2 Fire Magic
 + Level 0.4 Air Magic
 + Level 0.9 Poison Magic


You had 2 spell levels left.
You knew the following spells:

 Your Spells              Type           Power        Failure   Level  Hunger
a - Magic Dart            Conj           ###.         1%          1    None
b - Blink                 Tloc           N/A          2%          2    None
c - Conjure Flame         Conj/Fire      ##......     7%          3    ##.....
d - Mephitic Cloud        Conj/Pois/Air  ##......     7%          3    ##.....


Dungeon Overview and Level Annotations

Branches:
Dungeon (2/15)

Altars:


Message History

You feel sick. The adder misses you. The worm bites you.
The adder barely misses you.
A rat comes into view.
You hit the adder but do no damage.
The adder looks as sick as possible!
The adder is lightly wounded.
The adder closely misses you. The worm barely misses you.
You hit the worm but do no damage.
The worm is poisoned.
The worm is severely wounded.
The adder bites you.
Casting: Magic Dart
Confirm with . or Enter, or press ? or * to list all spells.
Aiming: Magic Dart
Press: ? - help, Shift-Dir - straight line, f/p - worm
Aim: a worm (severely wounded, poisoned)
The magic dart hits the worm.
The worm is almost dead.
You feel sick. The adder bites you but does no damage. The worm bites you!
* * * LOW HITPOINT WARNING * * *
The adder bites you.
You die...

#.# #.# #.## #.## #.#
...######..# #.#
#..........# #
#..######..# ... #..
#..#
....#..######..#######.
.>.?.......##..........
)......@...............
#.###.wS.......#######.
#...##.##### #....#.#
....r.#.. .......####
......## .....#.#


You could see a worm, an adder and a rat.

Vanquished Creatures
  An adder (D:2)
  2 dart slugs (D:1)
  A leopard gecko (D:1)
  2 giant cockroaches (D:2)
  7 goblins
  4 hobgoblins (D:1)
  2 jackals (D:1)
  3 bats (D:1)
  2 frilled lizards (D:1)
  2 kobolds (D:1)
  6 rats
32 creatures vanquished.

Notes
Turn   | Place    | Note
-------+----------+-------------------------------------------
     0 | D:1      | Ordine the Deep Elf Wizard began the quest for the Orb.
     0 | D:1      | Reached XP level 1. HP: 10/10 MP: 7/7
   112 | D:1      | Reached XP level 2. HP: 15/15 MP: 5/9
   116 | D:1      | Learned a level 2 spell: Blink
   831 | D:1      | Reached XP level 3. HP: 19/19 MP: 9/11
   844 | D:1      | Learned a level 3 spell: Conjure Flame
   848 | D:1      | Learned a level 3 spell: Mephitic Cloud
  1079 | D:2      | Slain by an adder

Vault maps used:
D:1:      matt_arrival_grand_opening
D:2:      okawaru_ov_weapons_minmay, minivault_5, minmay_tiny_reverse_x,
          uniq_terence, uniq_jessica

Skill      XL: |  1  2 |
---------------+-------+-----
Conjurations   | 2 |  2.3
Dodging        | |  2.4
Stealth        | |  2.8
Spellcasting   | |  4.7
Summonings     | |  1.1
Translocations | |  1.8
Fire Magic     | |  0.2
Air Magic      | |  0.4
Poison Magic   | |  0.9

Action                   || total
-------------------------++-------
Melee: Dagger            ||     5
 Cast: Magic Dart        ||    80
  Use: Scroll            ||     4
Armor: Robe              ||     2
Dodge: Dodged            ||    15
